 Dungeon Crawl Stone Soup version 0.26.1-11-gd32895ea62 (webtiles) character file.

Game seed: 16219085818029636606

2699 Kalagan26 the Geomancer (level 9, -9/41 HPs)
             Began as a Gargoyle Earth Elementalist on June 22, 2021.
             Was a Follower of Makhleb.
             Mangled by a shadow wraith (12 damage)
             ... on level 1 of the Abyss on June 23, 2021.
             The game lasted 01:02:59 (11629 turns).

Kalagan26 the Geomancer (GrEE)                     Turns: 11629, Time: 01:03:00

Health: -9/41      AC: 10    Str: 14    XL:     9   Next: 65%
Magic:  20/21      EV: 11    Int: 19    God:    Makhleb [*.....]
Gold:   471        SH:  0    Dex:  6    Spells: 20/24 levels left

rFire    . . .     SeeInvis .   N - +0 trident (venom)
rCold    . . .     Faith    .   (no shield)
rNeg     + . .     Spirit   .   c - +0 robe
rPois    ∞         Reflect  .   A - +0 helmet
rElec    +         Harm     .   D - +0 cloak
rCorr    .         Rampage  .   (no gloves)
Will     .....     Rnd*Rage +   (no boots)
Stlth    +.........             p - amulet of regeneration
HPRegen  0.00/turn              u - ring of wizardry
MPRegen  0.17/turn              i - +6 ring of strength

@: slowed, very slow
A: berserk 1, [blurry vision 2], [clumsy 2], [frail 2], negative energy
resistance 1, [screaming 2], electricity resistance, [inhibited regeneration],
[weak 2], unbreathing, petrification resistance, miasma immunity, AC +6
a: Renounce Religion


You were on level 1 of the Abyss.
You worshipped Makhleb.
Makhleb was aware of your devotion.
You visited 2 branches of the dungeon, and saw 8 of its levels.
You visited the Abyss 1 time.

You collected 471 gold pieces.

Inventory:

Hand Weapons
 a - a +0 short sword
 x - a +0 hunting sling
 z - a +1 flail of protection
 C - a +4 short sword
 E - a +2 short sword of speed
 L - a +0 arbalest
 N - a +0 trident of venom (weapon)
 Q - a +0 dagger of draining
Missiles
 b - 102 stones
 e - 53 arrows
 M - 6 poisoned darts
Armour
 c - a +0 robe (worn)
 l - a cursed +0 robe
 A - a +0 helmet (worn)
 D - a +0 cloak (worn)
Jewellery
 i - a +6 ring of strength (right hand)
 m - an uncursed amulet of magic regeneration {unknown}
 p - an amulet of regeneration (around neck)
 u - a ring of wizardry (left hand)
 y - an uncursed amulet of the acrobat
 R - a +4 ring of evasion
Scrolls
 d - 4 scrolls of enchant weapon
 f - a scroll of remove curse
 j - a scroll of teleportation
 n - 2 scrolls of enchant armour {unknown}
 o - a scroll of immolation
 w - 5 scrolls of identify
 B - 3 scrolls of amnesia
 F - a scroll of magic mapping {unknown}
 G - a scroll of noise {unknown}
 J - a scroll of random uselessness {unknown}
 K - a scroll of fear {unknown}
 S - a scroll of holy word {unknown}
Potions
 g - a potion of flight {unknown}
 h - 2 potions of might {unknown}
 k - 2 potions of mutation {unknown}
 q - 5 potions of curing
 r - 2 potions of heal wounds {unknown}
 s - 2 potions of haste {unknown}
 t - 3 potions of ambrosia {unknown}
 v - a potion of attraction {unknown}
 I - a potion of degeneration {unknown}
 O - a potion of magic {unknown}
 P - a potion of cancellation {unknown}


   Skills:
 * Level 4.5 Fighting
 - Level 0.4 Polearms
 - Level 1.5 Dodging
 - Level 2.1 Stealth
 * Level 8.2 Spellcasting
 - Level 1.1 Conjurations
 - Level 0.7 Transmutations
 * Level 10.5 Earth Magic


You had 20 spell levels left.
You knew the following spells:

 Your Spells              Type           Power        Failure   Level
a - Sandblast             Erth           94%          1%          1
b - Stone Arrow           Conj/Erth      60%          1%          3

Your spell library contained the following spells:

 Spells                   Type           Power        Failure   Level
 Passwall                 Tmut/Erth      24%          1%          2
 Lee's Rapid Deconstruct  Erth           23%          1%          5
 Animate Skeleton         Necr           14%          3%          1
 Apportation              Tloc           14%          3%          1
 Corona                   Hex            7%           3%          1
 Summon Small Mammal      Summ           28%          3%          1
 Petrify                  Tmut/Erth      29%          3%          4


Dungeon Overview and Level Annotations

Branches:
Dungeon (7/15)             Temple (1/1) D:6

Altars:
Cheibriados
Dithmenos
Elyvilon
Fedhas
Gozag
Hepliaklqana
Kikubaaqudgha
Makhleb
Okawaru
Ru
Sif Muna
Uskayaw
Vehumet
Wu Jian
Xom
Yredelemnul
Zin
The Shining One

Annotations:
D:3 Sigmund
D:5 2 runed translucent doors, boben's ghost, novice GnTm
D:7 Maggie


Innate Abilities, Weirdness & Mutations

You are resistant to torment.
Your stone body is resilient. (AC +6)
You are immune to poison.
You resist negative energy. (rN+)
You are resistant to electric shocks. (rElec)
You can survive without breathing.
You are immune to petrification.
You are immune to miasma.
You tend to lose your temper in combat.
[Scrolls take you longer to read.]
[You are very clumsy. (Dex -4)]
[You are very frail. (-20% HP)]
[You sometimes yell uncontrollably at your foes.]
[You do not regenerate when monsters are visible.]
[You are very weak. (Str -4)]


Message History

Aiming: Sandblast (safe; 1% risk of failure)
Press: ? - help, Q - select action, (/) - cycle Shift-Dir - straight line, f - you That would be overly suicidal.
Okay, then.
Unknown command.
Aiming: Sandblast (safe; 1% risk of failure)
Press: ? - help, Q - select action, (/) - cycle Shift-Dir - straight line The blast of sand hits something!
Something hits you.
* * * LOW HITPOINT WARNING * * *
Something completely misses you.
Really read with blurry vision while enemies are nearby?
Okay, then.
Okay, then.
Really read with blurry vision while enemies are nearby?
Something hits you.
* * * LOW HITPOINT WARNING * * *
You begin reading the scroll.
You continue reading the scroll.
Something hits you!
You die...

###.. ...
#.. .. ...
.. . #..
....###.###
. #
.#...... .#
...
....#.### .
#. .... .#
###.##.#.
.# #....{@#
#.#..### #
# #.. ##


There were no monsters in sight!

Vanquished Creatures
  A smoke demon (Abyss:1)
  2 neqoxecs (Abyss:1)
  2 ice beasts
  3 phantoms (D:4)
  A black bear (D:7)
  3 ogres
  A necrophage (D:6)
  A centaur (D:5)
  2 bullfrogs
  A gnoll sergeant (D:6)
  3 wights (D:7)
  A howler monkey (D:6)
  An orc priest (D:3)
  3 orc wizards
  5 hounds
  A bullfrog skeleton (D:5)
  2 iguanas
  5 worker ants
  A hound skeleton (D:6)
  13 adders
  8 gnolls (D:6)
  A white imp (Abyss:1)
  5 ufetubi
  2 oozes
  2 adder skeletons
  An adder zombie (D:6)
  3 worms
  6 leopard geckos
  29 orcs
  4 ball pythons
  13 giant cockroaches
  8 goblins
  7 hobgoblins
  7 jackals
  4 kobolds
  6 quokkas
  4 bats
  7 frilled lizards
  6 rats
175 creatures vanquished.

Vanquished Creatures (others)
  8 plants
8 creatures vanquished.

Grand Total: 183 creatures vanquished

Notes
Turn   | Place    | Note
-------+----------+-------------------------------------------
     0 | D:1      | Kalagan26 the Gargoyle Earth Elementalist began the quest
                  | for the Orb.
     0 | D:1      | Reached XP level 1. HP: 10/10 MP: 3/3
   420 | D:1      | Reached skill level 4 in Earth Magic
   486 | D:1      | Reached XP level 2. HP: 14/15 MP: 3/5
  1384 | D:1      | Reached XP level 3. HP: 19/19 MP: 4/6
  2180 | D:2      | Reached skill level 5 in Earth Magic
  2180 | D:2      | Reached XP level 4. HP: 24/24 MP: 4/8
  2353 | D:3      | Learned a level 3 spell: Stone Arrow
  2576 | D:3      | Found a shimmering blue altar of Sif Muna.
  2782 | D:3      | Reached XP level 5. HP: 18/28 MP: 2/10
  2891 | D:3      | Reached skill level 1 in Fighting
  3283 | D:3      | Noticed Sigmund
  3678 | D:4      | Noticed an ogre
  3895 | D:4      | Found a shadowy altar of Dithmenos.
  3896 | D:4      | Noticed an ogre
  3899 | D:4      | Killed an ogre
  3900 | D:4      | Reached skill level 6 in Earth Magic
  3900 | D:4      | Reached XP level 6. HP: 34/34 MP: 1/12
  4244 | D:4      | Found a glowing drain.
  4282 | D:4      | Reached skill level 1 in Conjurations
  4712 | D:4      | Noticed a phantom
  4757 | D:4      | Killed a phantom
  4758 | D:4      | Reached XP level 7. HP: 33/40 MP: 2/14
  5119 | D:4      | Reached skill level 7 in Earth Magic
  5245 | D:4      | Reached skill level 5 in Spellcasting
  5734 | D:5      | Entered Level 5 of the Dungeon
  6125 | D:5      | Reached XP level 8. HP: 45/45 MP: 8/16
  6432 | D:5      | Reached skill level 8 in Earth Magic
  6982 | D:5      | Found a large runed translucent door.
  7577 | D:5      | Found a glowing golden altar of the Shining One.
  7579 | D:5      | Noticed an angel
  7589 | D:5      | Found a basalt altar of Yredelemnul.
  7596 | D:5      | Noticed a profane servitor
  7813 | D:5      | Found a large runed translucent door.
  7814 | D:5      | Noticed boben's ghost (novice GnTm)
  8333 | D:5      | Found a shimmering altar of Xom.
  8348 | D:5      | Found an opulent altar of Gozag.
  9045 | D:6      | Found a burning altar of Makhleb.
  9064 | D:6      | Became a worshipper of Makhleb the Destroyer
  9137 | D:6      | Found a staircase to the Ecumenical Temple.
  9171 | Temple   | Entered the Ecumenical Temple
  9497 | D:6      | Found an iron altar of Okawaru.
  9585 | D:6      | Found a sacrificial altar of Ru.
  9878 | D:6      | Reached skill level 9 in Earth Magic
 10269 | D:7      | Reached XP level 9. HP: 52/52 MP: 12/19
 11003 | D:7      | Noticed Maggie
 11034 | D:7      | Cast into level 1 of the Abyss (Maggie)
 11169 | Abyss:1  | Noticed a large abomination
 11173 | Abyss:1  | Noticed a smoke demon
 11179 | Abyss:1  | Killed a smoke demon
 11180 | Abyss:1  | Reached skill level 10 in Earth Magic
 11259 | Abyss:1  | Gained mutation: You tend to lose your temper in combat. [a
                  | neqoxec]
 11384 | Abyss:1  | Reached * piety under Makhleb
 11386 | Abyss:1  | Noticed a wretched star
 11524 | Abyss:1  | Noticed a wretched star
 11530 | Abyss:1  | Noticed a hellwing
 11534 | Abyss:1  | Noticed an ancient zyme
 11629 | Abyss:1  | Mangled by a shadow wraith

Illustrated notes

Levels and vault maps discovered:
D:1:      doesnt_arrival_eight_statues, layout_basic, solitary_fountain
D:2:      layout_basic, hex_tiny, grunt_decor_junction
D:3:      layout_loops_ring, lemuel_round_altar, saegor_snake_ambush,
          uniq_sigmund
D:4:      layout_rooms, kennysheep_mini_moat, gup_sewer_entry_glass,
          grunt_dithmenos_smoke_and_mirrors
D:5:      corexii_shack_village, layout_loops_ring,
          grunt_temple_overflow_holy_war, amethyst_overflow_temple_binary,
          ebering_ghost_disaster_area, grunt_ministairs_13
D:6:      layout_basic, kennysheep_little_box, kennysheep_okawaru_gauntlet,
          old_standard_altar, grunt_temple_overflow_diamond,
          minmay_temple_entry_nine_rooms
D:7:      layout_loops_corners, serial_park_tiny_2, uniq_maggie
Temple:   jpeg_temple_island
Abyss:1:  base: D:2, base:
D:2

Skill      XL: |  1  2  3  4  5  6  7  8  9 |
---------------+----------------------------+-----
Earth Magic    | 4 5 6 7 9 10 | 10.5
Spellcasting   | 3 4 5 7 8 |  8.2
Fighting       | 1 2 3 4 |  4.5
Conjurations   | 1 |  1.1
Polearms       | |  0.4
Dodging        | |  1.5
Stealth        | |  2.1
Transmutations | |  0.7

Action                   |  1- 3 |  4- 6 |  7- 9 || total
-------------------------+-------+-------+-------++-------
Melee: Short sword       |    15 |    67 |    46 ||   128
       Trident           |       |       |    35 ||    35
 Cast: Sandblast         |    51 |     4 |    24 ||    79
       Stone Arrow       |       |    45 |   159 ||   204
  Use: Scroll            |       |     1 |    10 ||    11
       Potion            |       |       |     2 ||     2
 Stab: Sleeping          |     2 |       |       ||     2
Armor: Robe              |    18 |    38 |    69 ||   125
Dodge: Dodged            |    25 |    52 |    92 ||   169
